 Dungeon Crawl Stone Soup version 0.29.1-13-g9f3cf754e1 (webtiles) character file.

Game seed: 4172549341879452691

3516 Hrothgar the Blocker (level 10, -7/82 HPs)
             Began as a Gnoll Fighter on Jan 24, 2023.
             Was a Believer of Sif Muna.
             Mangled by a purple ugly thing (13 damage)
             ... summoned by the darkness of Dithmenos
             ... on level 7 of the Dungeon.
             The game lasted 00:31:15 (7793 turns).

Hrothgar the Blocker (Gnoll Fighter)                Turns: 7793, Time: 00:31:15

Health: -7/82      AC:  8    Str: 18    XL:     10   Next: 8%
Magic:  1/17       EV: 16    Int: 12    God:    Sif Muna [**....]
Gold:   282        SH:  7    Dex:  9    Spells: 9/19 levels left

rFire   + . .      SeeInvis .   t - +10 hammer of the Unliving {freeze, rF+ Str+2 Dex-2 Stlth+}
rCold   . . .      Faith    +   f - +2 buckler
rNeg    . . .      Spirit   .   p - +3 leather armour
rPois   .          Reflect  .   g - +1 hat
rElec   .          Harm     .   (no cloak)
rCorr   .          Rampage  .   (no gloves)
Will    .....                   (no boots)
Stlth   +++.......              s - amulet of faith
HPRegen 0.23/turn               h - +4 ring of evasion
MPRegen 0.15/turn               (no ring)

@: lethally poisoned (-7 -> -11)
A: fangs 1, strong nose, distributed training
a: Renounce Religion, Channel Magic


You were on level 7 of the Dungeon.
You worshipped Sif Muna.
Sif Muna was pleased with you.
You visited 1 branch of the dungeon, and saw 7 of its levels.

You collected 372 gold pieces.
You spent 90 gold pieces at shops.

Inventory:

Hand Weapons
 a - a +1 war axe
 t - the +10 hammer of the Unliving (weapon) {freeze, rF+ Str+2 Dex-2 Stlth+}
   (You found it on level 2 of the Dungeon)

   It freezes those it strikes, dealing additional cold damage.
   It can also slow down cold-blooded creatures.
   Str:       It affects your strength (+2).
   Dex:       It affects your dexterity (-2).
   rF:        It protects you from fire.
   Stlth:     It makes you more stealthy.
Armour
 b - a +0 scale mail
 c - a +1 buckler
 f - a +2 buckler (worn)
 g - a +1 hat (worn)
 p - a +3 leather armour (worn)
Jewellery
 h - a +4 ring of evasion (left hand)
 s - an amulet of faith (around neck)
Wands
 i - a wand of flame (5)
 y - a wand of digging (12)
Scrolls
 l - a scroll of immolation
 m - a scroll of amnesia
 o - 2 scrolls of vulnerability
 q - a scroll of noise
 z - a scroll of magic mapping
Potions
 d - a potion of berserk rage {unknown}
 e - a potion of flight
 j - 4 potions of brilliance
 k - a potion of resistance {unknown}
 n - a potion of cancellation
 u - a potion of degeneration {unknown}
 v - a potion of attraction


   Skills:
 + Level 8.4 Fighting
 + Level 5.1 Short Blades
 + Level 5.1 Long Blades
 + Level 6.9 Axes
 + Level 5.1 Maces & Flails
 + Level 5.1 Polearms
 + Level 5.1 Staves
 + Level 5.1 Ranged Weapons
 + Level 5.1 Throwing
 + Level 8.4 Armour
 + Level 5.1 Dodging
 + Level 5.1 Stealth
 + Level 8.4 Shields
 + Level 5.1 Unarmed Combat
 + Level 5.1 Spellcasting
 + Level 4.2 Conjurations
 + Level 4.2 Hexes
 + Level 4.2 Summonings
 + Level 4.2 Necromancy
 + Level 4.2 Translocations
 + Level 4.2 Transmutations
 + Level 4.2 Fire Magic
 + Level 4.2 Ice Magic
 + Level 4.2 Air Magic
 + Level 4.2 Earth Magic
 + Level 4.2 Poison Magic
 + Level 5.6 Invocations
 + Level 5.1 Evocations


You had 9 spell levels left.
You knew the following spells:

 Your Spells              Type           Power      Damage    Failure   Level
a - Magic Dart            Conj           52%        1d5       4%          1
b - Searing Ray           Conj           26%        2d5       8%          2
c - Stone Arrow           Conj/Erth      26%        3d8       16%         3
d - Animate Armour        Summ/Erth      26%        N/A       45%         4

Your spell library contained the following spells:

 Spells                   Type           Power      Damage    Failure   Level
 Fulminant Prism          Conj/Hex       6%         3d7       45%         4
 Lehudib's Crystal Spear  Conj/Erth      6%         10d3      100%        8


Dungeon Overview and Level Annotations

Branches:
Dungeon (7/15)             Temple (0/1) D:6

Altars:
Dithmenos
Gozag
Sif Muna
Vehumet
Zin

Shops:
D:5 *


Innate Abilities, Weirdness & Mutations

You have very sharp teeth.
Your uncanny sense of smell can sniff out nearby items.
Your experience applies equally to all skills.


Message History

The purple ugly thing is heavily wounded.
The purple ugly thing tentacle-slaps you.
* * * LOW HITPOINT WARNING * * *
Something hits you.
* * * LOW HITPOINT WARNING * * *
You block the kobold's attack.
The kobold brigand hits you with a +0 short sword.
* * * LOW HITPOINT WARNING * * *
The kobold hits you but does no damage.
Your magical contamination has completely faded away.
The searing ray hits the purple ugly thing.
The purple ugly thing is heavily wounded.
You finish channelling your searing ray.
The purple ugly thing barely misses you.
Something hits you but does no damage. The kobold misses you.
The kobold brigand hits you but does no damage.
The kobold hits you but does no damage.
The purple ugly thing closely misses you.
Something completely misses you. The kobold closely misses you.
The kobold brigand closely misses you. The kobold closely misses you.
The purple ugly thing misses you. Something hits you.
* * * LOW HITPOINT WARNING * * *
The kobold misses you. You block the kobold brigand's attack.
The kobold misses you. The kobold attacks as you move away!
You block the kobold's attack. The kobold closely misses you.
Something barely misses you.
The kobold brigand attacks as you move away!
The kobold brigand barely misses you.
The kobold brigand throws a curare-tipped dart.
The kobold throws a poisoned dart.
The poisoned dart hits you!
You are poisoned.
The purple ugly thing attacks as you move away!
The purple ugly thing completely misses you.
* * * LOW HITPOINT WARNING * * *
You feel sick.
There is a stone staircase leading down here.
You feel sick.
The purple ugly thing tentacle-slaps you!
You die...

#....####.##..#...#.....#.°.#
#.#######.##..#.#...._....#.#
#.............#...#.....#[..#
#.............#.#.........#.#
#...................#.#......
##...#######......#.....#....
##.§§##...##........#.#......
#..§§#§..K...................
#..§§§....Ku@......#####..##.
#...§#§...K......##.......###
##.§{##...##.....# .......#
##...##...##.....# .......
#.....#...##.....# .....
#......[#...........'
#.#.....#..........###
#..................# ##
#..≈≈≈≈≈≈.. #.


You could see a purple ugly thing (summoned), a kobold brigand and 2 kobolds.

Vanquished Creatures
  A boulder beetle (D:7)
  Grinder (D:5)
  Sigmund (D:5)
  A steam dragon (D:6)
  Edmund (D:5)
  A water moccasin (D:7)
  A black bear (D:5)
  An orc warrior (D:6)
  3 ogres
  4 centaurs
  A phantom (D:6)
  A bullfrog (D:7)
  A gnoll sergeant (D:7)
  3 scorpions
  7 wights
  A hound (D:4)
  2 jellies (D:6)
  Crazy Yiuf (D:2)
  2 gnoll boudas
  2 orc priests
  2 orc wizards
  Robin (D:2)
  8 adders
  22 gnolls
  A shadow imp (D:5)
  A white imp (D:7)
  A worm (D:2)
  2 dart slugs
  14 orcs
  A bat (D:2)
  12 endoplasms
  A giant cockroach (D:4)
  12 goblins
  7 hobgoblins
  3 jackals (D:2)
  4 quokkas
  6 ball pythons
  2 frilled lizards
  8 kobolds
  A rat (D:2)
145 creatures vanquished.

Vanquished Creatures (collateral kills)
  A frilled lizard (D:1)
1 creature vanquished.

Vanquished Creatures (others)
  Ijyb (D:5)
1 creature vanquished.

Grand Total: 147 creatures vanquished

Notes
Turn   | Place    | Note
-------+----------+-------------------------------------------
     0 | D:1      | Hrothgar the Gnoll Fighter began the quest for the Orb.
     0 | D:1      | Reached XP level 1. HP: 23/23 MP: 1/1
   176 | D:1      | Reached XP level 2. HP: 19/29 MP: 2/2
   645 | D:2      | Reached XP level 3. HP: 30/35 MP: 2/4
   672 | D:2      | You fall into a shaft and drop 1 floor!
   750 | D:3      | Reached skill level 1 in Invocations
  1523 | D:2      | Reached skill level 1 in Short Blades
  1523 | D:2      | Reached skill level 1 in Long Blades
  1523 | D:2      | Reached skill level 1 in Maces & Flails
  1523 | D:2      | Reached skill level 1 in Polearms
  1523 | D:2      | Reached skill level 1 in Staves
  1523 | D:2      | Reached skill level 1 in Ranged Weapons
  1523 | D:2      | Reached skill level 1 in Throwing
  1523 | D:2      | Reached skill level 1 in Dodging
  1523 | D:2      | Reached skill level 1 in Stealth
  1523 | D:2      | Reached skill level 1 in Unarmed Combat
  1523 | D:2      | Reached skill level 1 in Spellcasting
  1523 | D:2      | Reached skill level 1 in Evocations
  1815 | D:2      | Reached XP level 4. HP: 33/41 MP: 5/5
  1828 | D:2      | Reached skill level 1 in Conjurations
  1828 | D:2      | Reached skill level 1 in Hexes
  1828 | D:2      | Reached skill level 1 in Summonings
  1828 | D:2      | Reached skill level 1 in Necromancy
  1828 | D:2      | Reached skill level 1 in Translocations
  1828 | D:2      | Reached skill level 1 in Transmutations
  1828 | D:2      | Reached skill level 1 in Fire Magic
  1828 | D:2      | Reached skill level 1 in Ice Magic
  1828 | D:2      | Reached skill level 1 in Air Magic
  1828 | D:2      | Reached skill level 1 in Earth Magic
  1828 | D:2      | Reached skill level 1 in Poison Magic
  1917 | D:2      | Found a faded altar of an unknown god.
  1938 | D:2      | Prayed at the altar of an unknown god.
  1938 | D:2      | Became a worshipper of Dithmenos the Shadowed
  1938 | D:2      | Reached * piety under Dithmenos
  1952 | D:2      | Noticed Robin
  1979 | D:2      | Killed Robin
  2008 | D:2      | Reached ** piety under Dithmenos
  2009 | D:2      | Reached XP level 5. HP: 32/47 MP: 7/7
  2129 | D:2      | Learned a level 1 spell: Magic Dart
  2153 | D:2      | Identified the +10 hammer of the Unliving {freeze, rF+
                  | Str+2 Dex-2 Stlth+}
  2160 | D:2      | Found a runed translucent door.
  2161 | D:2      | Noticed Crazy Yiuf
  2169 | D:2      | Killed Crazy Yiuf
  2610 | D:3      | Learned a level 2 spell: Searing Ray
  2840 | D:4      | Reached XP level 6. HP: 53/53 MP: 8/8
  2888 | D:4      | Reached skill level 5 in Axes
  3040 | D:4      | Reached *** piety under Dithmenos
  3245 | D:5      | Entered Level 5 of the Dungeon
  3280 | D:5      | Learned a level 3 spell: Stone Arrow
  3316 | D:5      | Found a shimmering blue altar of Sif Muna.
  3503 | D:5      | Fell from the grace of Dithmenos
  3503 | D:5      | Became a worshipper of Sif Muna the Loreminder
  3597 | D:5      | Reached XP level 7. HP: 58/60 MP: 10/10
  3627 | D:5      | Noticed Edmund
  3640 | D:5      | Killed Edmund
  4093 | D:5      | Reached XP level 8. HP: 47/67 MP: 12/12
  4269 | D:5      | Noticed Grinder
  4289 | D:5      | Killed Grinder
  4435 | D:5      | Found Wuankugh's General Store.
  4541 | D:5      | Noticed Ijyb
  4541 | D:5      | Noticed Sigmund
  4562 | D:5      | HP: 3/67 [something/bolt of dispelling energy (12)]
  4567 | D:5      | Killed Ijyb
  4567 | D:5      | HP: 1/67 [something (6)]
  4936 | D:5      | Killed Sigmund
  5563 | D:6      | Reached XP level 9. HP: 67/73 MP: 12/15
  5900 | D:6      | Reached * piety under Sif Muna
  6155 | D:6      | Found a staircase to the Ecumenical Temple.
  6211 | D:6      | Found Zin's Purification Station.
  6213 | D:6      | Found a glowing silver altar of Zin.
  6220 | D:6      | Bought a potion of curing for 90 gold pieces
  7031 | D:7      | Reached skill level 5 in Invocations
  7215 | D:7      | Learned a level 4 spell: Animate Armour
  7245 | D:7      | Found a radiant altar of Vehumet.
  7250 | D:7      | Noticed a boulder beetle
  7483 | D:7      | Killed a boulder beetle
  7484 | D:7      | Reached skill level 5 in Short Blades
  7484 | D:7      | Reached skill level 5 in Long Blades
  7484 | D:7      | Reached skill level 5 in Maces & Flails
  7484 | D:7      | Reached skill level 5 in Polearms
  7484 | D:7      | Reached skill level 5 in Staves
  7484 | D:7      | Reached skill level 5 in Ranged Weapons
  7484 | D:7      | Reached skill level 5 in Throwing
  7484 | D:7      | Reached skill level 5 in Dodging
  7484 | D:7      | Reached skill level 5 in Stealth
  7484 | D:7      | Reached skill level 5 in Unarmed Combat
  7484 | D:7      | Reached skill level 5 in Spellcasting
  7484 | D:7      | Reached skill level 5 in Evocations
  7484 | D:7      | Reached XP level 10. HP: 38/81 MP: 10/17
  7498 | D:7      | Found an opulent altar of Gozag.
  7652 | D:7      | Reached ** piety under Sif Muna
  7763 | D:7      | Noticed a wizard
  7763 | D:7      | Noticed a brown ugly thing
  7793 | D:7      | Mangled by a purple ugly thing

Illustrated notes

Levels and vault maps discovered:
D:1:      dpeg_arrival_pond, layout_rooms
D:2:      layout_loops_corners, ebering_ecumenical_altar_sacrificial,
          uniq_crazy_yiuf_cottage, uniq_robin
D:3:      layout_loops_corners
D:4:      layout_basic, hangedman_abyss_or_decor_lesser_grid, eino_tiny_chamber,
          kennysheep_cluttered_room
D:5:      layout_basic, mainiacjoe_overflow_boulevard, serial_shops,
          kennysheep_mini_moat, uniq_ijyb, uniq_grinder, uniq_sigmund,
          uniq_edmund
D:6:      layout_basic, zin_purify, minmay_temple_entry_crystal_x,
          kb_lookout_dungeons_type, moated_statue
D:7:      layout_gridville, mainiacjoe_overflow_alcove_4,
          nicolae_vehumet_radiance, general_overflow_altar,
          nicolae_ru_path_of_blood, kennysheep_generic_room_14

Skill      XL: |  1  2  3  4  5  6  7  8  9 |
---------------+----------------------------+-----
Invocations    | 1 2 3 4 5 |  5.6
Short Blades   | 1 2 3 4 5 |  5.1
Long Blades    | 1 2 3 4 5 |  5.1
Maces & Flails | 1 2 3 4 5 |  5.1
Polearms       | 1 2 3 4 5 |  5.1
Staves         | 1 2 3 4 5 |  5.1
Ranged Weapons | 1 2 3 4 5 |  5.1
Throwing       | 1 2 3 4 5 |  5.1
Dodging        | 1 2 3 4 5 |  5.1
Stealth        | 1 2 3 4 5 |  5.1
Unarmed Combat | 1 2 3 4 5 |  5.1
Spellcasting   | 1 2 3 4 5 |  5.1
Evocations     | 1 2 3 4 5 |  5.1
Conjurations   | 1 2 3 4 |  4.2
Hexes          | 1 2 3 4 |  4.2
Summonings     | 1 2 3 4 |  4.2
Necromancy     | 1 2 3 4 |  4.2
Translocations | 1 2 3 4 |  4.2
Transmutations | 1 2 3 4 |  4.2
Fire Magic     | 1 2 3 4 |  4.2
Ice Magic      | 1 2 3 4 |  4.2
Air Magic      | 1 2 3 4 |  4.2
Earth Magic    | 1 2 3 4 |  4.2
Poison Magic   | 1 2 3 4 |  4.2
Axes           | 5 6 |  6.9
Fighting       | 7 8 |  8.4
Armour         | 7 8 |  8.4
Shields        | 7 8 |  8.4

Action                   |  1- 3 |  4- 6 |  7- 9 | 10-12 || total
-------------------------+-------+-------+-------+-------++-------
Melee: War axe           |    79 |    63 |       |       ||   142
       Bite              |     5 |    12 |     4 |     6 ||    27
       Mace              |       |    75 |    95 |    26 ||   196
Throw: Throwing net      |       |     1 |     1 |       ||     2
 Cast: Magic Dart        |       |       |     5 |       ||     5
       Searing Ray       |       |       |    15 |     4 ||    19
       Stone Arrow       |       |       |       |     1 ||     1
       Animate Armour    |       |       |       |     1 ||     1
Evoke: Wand              |       |     1 |    15 |       ||    16
  Use: Scroll            |     8 |     1 |    11 |     1 ||    21
       Potion            |       |     3 |     9 |     2 ||    14
 Stab: Distracted        |       |     1 |       |       ||     1
       Held in net/web   |       |       |     1 |       ||     1
       Sleeping          |       |       |     1 |       ||     1
Armor: Scale mail        |    23 |    34 |    55 |     4 ||   116
       Leather armour    |       |       |       |     9 ||     9
Dodge: Dodged            |    47 |   106 |    89 |    37 ||   279
Block: Buckler           |    17 |    35 |    33 |    20 ||   105
